 Dungeon Crawl Stone Soup version 0.21.1-1-g345015fe64 (webtiles) character file.

46 DildoBatman the Sneak (level 3, 0/29 HPs)
             Began as a Formicid Enchanter on Mar 27, 2018.
             Succumbed to an adder's poison
             ... on level 2 of the Dungeon.
             The game lasted 00:03:10 (1492 turns).

DildoBatman the Sneak (Formicid Enchanter)          Turns: 1492, Time: 00:03:10

Health: 0/29       AC:  3    Str: 13    XL:     3   Next: 92%
Magic:  6/6        EV: 12    Int: 14    God:
Gold:   52         SH:  0    Dex: 11    Spells: 5/6 levels left

rFire    . . .     SeeInvis +   a - +1 dagger
rCold    . . .     Gourm    .   (no shield)
rNeg     . . .     Faith    .   f - +0 leather armour
rPois    .         Spirit   .   (helmet unavailable)
rElec    .         Reflect  .   (no cloak)
rCorr    .         Harm     .   (no gloves)
MR       .....                  (no boots)
Stlth    ++........             (no amulet)
HPRegen  0.09/turn              (no ring)
MPRegen  0.10/turn              (no ring)

@: lethally poisoned (0 -> -15)
A: permanent stasis, dig shafts and tunnels, four strong arms, antennae 3
a: Dig, Shaft Self


You were on level 2 of the Dungeon.
You were not hungry.

You visited 1 branch of the dungeon, and saw 2 of its levels.

You collected 52 gold pieces.

Inventory:

Hand Weapons
 a - a +1 dagger (weapon)
 b - a +0 mace
Missiles
 e - 75 stones (quivered)
 i - 11 bolts
 j - 7 poisoned needles
 m - 22 sling bullets
Armour
 f - a +0 leather armour (worn)
 h - a +0 robe
Scrolls
 g - 2 scrolls of remove curse {unknown}
 o - a scroll of amnesia {unknown}
Potions
 d - a potion of flight {unknown}
 l - a potion of curing {unknown}
 n - a potion of heal wounds {unknown}
Books
 c - a book of Maledictions

   Spells                             Type                      Level
   a - Corona                         Hexes                        1
   b - Ensorcelled Hibernation        Hexes/Ice                    2
   c - Confuse                        Hexes                        3
   d - Tukima's Dance                 Hexes                        3
   e - Dazzling Spray                 Conjuration/Hexes            3
Comestibles
 k - 4 chunks of flesh
 v - 3 rations


   Skills:
 - Level 3.0 Fighting
 - Level 1.0 Short Blades
 * Level 0.6 Armour
 - Level 2.0 Dodging
 * Level 3.8 Stealth
 - Level 2.1 Spellcasting
 - Level 3.6 Hexes


You had 5 spell levels left.
You knew the following spells:

 Your Spells              Type           Power        Failure   Level  Hunger
a - Corona                Hex            ##.....      7%          1    #......


Dungeon Overview and Level Annotations

Branches:
Dungeon (2/15)

Altars:

Annotations:
D:1 exclusion: basilisk
D:2 exclusion: worm


Innate Abilities, Weirdness & Mutations

You cannot be hasted, slowed, berserked, paralysed or teleported.
You can dig through walls and to a lower floor.
Your four strong arms can wield two-handed weapons with a shield.
You have a pair of large antennae on your head. (SInv)


Message History

The adder bites you but does no damage.
You hit the adder.
The adder is heavily wounded.
You feel sick. The adder bites you.
You barely miss the adder.
The adder is heavily wounded.
You feel sick.
The adder stops glowing.
The adder misses you.
You miss the adder.
The adder is heavily wounded.
You feel sick. The adder bites you.
You are more poisoned.
The adder poisons you! The adder completely misses you.
You hit the adder.
The adder is heavily wounded.
You die...

#.........
#..###.#####+###....
#..###.............
##...##.............
.#.#.##...........#
.#.#..#...........#
.#................######
.#......................
##..............@S......
........................
..#.....######..........
.#.......# #..........
##.......# #..........
.+.....>.# #..........
##.......# #..........
##.......# #....(.....
##.......# .......


You could see an adder.

Vanquished Creatures
  An adder (D:2)
  An ooze (D:2)
  A leopard gecko (D:1)
  A ball python (D:2)
  4 bats
  2 giant cockroaches
  5 goblins (D:1)
  3 hobgoblins
  A quokka (D:2)
  2 frilled lizards (D:1)
  3 kobolds
  4 rats
28 creatures vanquished.

Notes
Turn   | Place    | Note
-------+----------+-------------------------------------------
     0 | D:1      | DildoBatman the Formicid Enchanter began the quest for the Orb.
     0 | D:1      | Reached XP level 1. HP: 13/13 MP: 3/3
    40 | D:1      | Reached skill level 1 in Fighting
   163 | D:1      | Noticed a basilisk
   163 | D:1      | Noticed a worker ant
   163 | D:1      | Noticed a centaur warrior
   168 | D:1      | Reached XP level 2. HP: 20/21 MP: 3/5
   695 | D:1      | Reached XP level 3. HP: 17/28 MP: 6/6
  1491 | D:2      | HP: 1/29 [adder (3)]
  1492 | D:2      | Succumbed to an adder's poison

Skill      XL: |  1  2  3 |
---------------+----------+-----
Fighting       | 1 2 3 |  3.0
Dodging        | 2 |  2.0
Short Blades   | |  1.0
Armour         | |  0.6
Stealth        | |  3.8
Spellcasting   | |  2.1
Hexes          | |  3.6

Action                   || total
-------------------------++-------
Melee: Dagger            ||   110
 Cast: Corona            ||    14
 Abil: Dig               ||     2
 Stab: Sleeping          ||     5
  Eat: Chunk             ||     3
Armor: Robe              ||    19
       Leather armour    ||    21
Dodge: Dodged            ||    65
